AoeStats
← GambitBoyNC

Arena

509585595Analyzed
3v3 RM · 5d ago on Sep 27, 2026· 50m 54s· 6 players
Game mode
Random Map
Map size
Normal (6 player)
Population
200
Speed
Normal
Resources
Standard
Victory
Conquest
Starting age
Dark Age
Ending age
Imperial Age
RankedLock teamsTeams togetherTeam positionsShared explorationLock speedFull tech treeHidden civsTurbo modeCheats
Victory
Defeat
🇪🇸 Cumans · Spain
787
+15
🇹🇷 Goths · Türkiye
720
+18
🇧🇪 Franks · Belgium
436
+28
🇫🇷 Berbers · France
809
-22
🇫🇷 Byzantines · France
726
-20
🇳🇨 Franks · New Caledonia
706
-19
dozy
10:43 Feudal Age
9:04 Loom
12:05 Town Watch
12:56 Wheelbarrow
12:34 Double-Bit Axe
22:28 Gold Mining
22:29 Stone Mining
23:57 Scale Barding Armor
23:54 Scale Mail Armor
23:54 Padded Archer Armor
23:46 Fletching
24:07 Forging
27:34 Castle Age
30:00 Bow Saw
30:26 Chain Barding Armor
30:47 Iron Casting
30:39 Leather Archer Armor
31:31 Caravan
40:52 Husbandry
43:26 Imperial Age
40:57 Town Patrol
43:41 Cavalier
47:03 Chemistry
46:46 Chivalry
47:45 Gold Shaft Mining
48:06 Elite Throwing Axeman
50:58 Hand Cart
50:29 Onager
mahirnalbant09
1:42 Loom
11:59 Feudal Age
19:25 Horse Collar
22:22 Castle Age
20:25 Stone Mining
21:26 Gold Mining
21:25 Double-Bit Axe
26:37 Wheelbarrow
26:13 Scale Mail Armor
26:24 Forging
29:59 Imperial Age
27:48 Anarchy
28:04 Heavy Plow
28:41 Squires
29:38 Iron Casting
32:20 Pikeman
33:32 Conscription
33:13 Perfusion
33:11 Halberdier
35:20 Crop Rotation
37:25 Elite Huskarl
Cnry
4:29 Loom
10:46 Feudal Age
12:07 Wheelbarrow
11:33 Double-Bit Axe
11:31 Horse Collar
20:48 Castle Age
18:56 Stone Mining
19:34 Gold Mining
21:37 Heavy Plow
24:54 Hand Cart
24:58 Bow Saw
28:02 Imperial Age
26:52 Bloodlines
26:50 Scale Barding Armor
27:07 Murder Holes
28:11 Elite Steppe Lancer
29:05 Forging
30:15 Gold Shaft Mining
30:45 Two-Man Saw
29:34 Town Watch
30:35 Iron Casting
30:53 Chain Barding Armor
32:54 Blast Furnace
32:19 Conscription
33:00 Plate Barding Armor
32:49 Arson
32:37 Pikeman
33:18 Squires
34:40 Two-Man Saw
35:49 Town Patrol
jono
10:27 Loom
12:34 Feudal Age
17:25 Castle Age
15:50 Double-Bit Axe
15:58 Gold Mining
20:17 Forging
20:13 Scale Barding Armor
20:10 Caravan
21:12 Bow Saw
30:58 Iron Casting
30:43 Chain Barding Armor
33:43 Imperial Age
31:03 Town Watch
32:25 Wheelbarrow
34:07 Town Patrol
34:23 Hand Cart
38:40 Chivalry
38:02 Ordonnance Companies
39:04 Conscription
39:26 Hoardings
39:55 Coinage
39:38 Husbandry
39:13 Cavalier
41:44 Chemistry
40:58 Fortified Wall
41:09 Ballistics
40:49 Paladin
43:16 Blast Furnace
43:11 Plate Barding Armor
42:40 Cranequins
44:59 Fletching
chazychaz
11:05 Feudal Age
15:00 Castle Age
12:50 Double-Bit Axe
12:47 Horse Collar
13:37 Loom
20:43 Bow Saw
22:17 Wheelbarrow
24:16 Town Watch
25:24 Hand Cart
29:14 Stone Mining
29:17 Gold Mining
29:31 Fletching
29:42 Padded Archer Armor
30:52 Ballistics
33:43 Imperial Age
32:18 Gold Shaft Mining
32:20 Stone Shaft Mining
32:47 Heavy Plow
32:47 Bodkin Arrow
33:07 Leather Archer Armor
33:04 Scale Barding Armor
33:10 Forging
33:56 Herbal Medicine
34:14 Fortified Wall
34:00 Murder Holes
34:16 Masonry
35:13 Crop Rotation
34:28 Onager
36:05 Ring Archer Armor
35:36 Bracer
36:38 Chemistry
35:19 Treadmill Crane
35:44 Siege Engineers
35:56 Caravan
36:21 Thumb Ring
35:37 Elite Skirmisher
37:28 Chain Barding Armor
37:44 Iron Casting
37:16 Husbandry
37:27 Bloodlines
38:59 Guilds
38:29 Cavalier
38:32 Light Cavalry
40:08 Plate Barding Armor
40:54 Maghrebi Camels
41:16 Conscription
41:32 Hoardings
41:03 Kasbah
41:04 Maghrebi Camels
41:24 Conscription
41:40 Hoardings
41:35 Hussar
44:28 Blast Furnace
42:55 Elite Genitour
46:08 Scale Mail Armor
45:32 Pikeman
46:12 Squires
45:58 Arson
GambitBoyNC
12:30 Feudal Age
19:06 Castle Age
17:43 Double-Bit Axe
17:54 Gold Mining
17:55 Stone Mining
17:57 Horse Collar
19:54 Heavy Plow
20:08 Bow Saw
20:36 Forging
20:37 Scale Barding Armor
22:04 Fervor
23:56 Wheelbarrow
25:57 Gold Shaft Mining
25:59 Stone Shaft Mining
25:49 Chain Barding Armor
26:42 Hand Cart
27:46 Loom
31:20 Husbandry
30:42 Light Cavalry
32:10 Iron Casting
36:37 Imperial Age
34:14 Caravan
35:13 Ballistics
34:33 Treadmill Crane
34:49 Murder Holes
35:06 Fortified Wall
38:40 Hoardings
38:26 Conscription
38:53 Cavalier
40:49 Logistica
42:10 Chemistry
41:35 Paladin
Connection lost

Rejoining the realm…

Still unreachable

The connection could not be restored.

Session expired

The server has moved on; the page needs a fresh start.